 Dungeon Crawl Stone Soup version 0.24-a0-479-g9a978d2894 (webtiles) character file.

Game seed: 5024109830821342453

2029 gruber the Destroyer (level 9, -2/51 HPs)
             Began as an Octopode Conjurer on July 8, 2019.
             Was a Follower of Vehumet.
             Slain by Psyche
             ... wielding a +4 dagger of chaos
              (6 damage)
             ... while petrified by Psyche
             ... on level 8 of the Dungeon.
             The game lasted 00:13:55 (7417 turns).

gruber the Destroyer (Octopode Conjurer)            Turns: 7417, Time: 00:13:55

Health: -2/51      AC:  1    Str:  7    XL:     9   Next: 23%
Magic:  6/19       EV:  2    Int: 20    God:    Vehumet [*.....]
Gold:   501        SH:  0    Dex: 13    Spells: 9/22 levels left

rFire    . . .     SeeInvis .   j - +2 mace (crush)
rCold    . . .     Gourm    .   u - +0 buckler
rNeg     + + +     Faith    .   (helmet restricted)
rPois    ∞         Spirit   .   (no amulet)
rElec    .         Reflect  .   (no ring)
rCorr    .         Harm     .   (no ring)
MR       .....                  (no ring)
Stlth    +++.......             (no ring)
HPRegen  0.17/turn              (no ring)
MPRegen  0.16/turn              (no ring)
                                (no ring)
                                (no ring)

@: about to teleport, petrified, very slightly contaminated, invisible
A: almost no armour, stealthy swim, amphibious, 8 rings, constrict 8, camouflage
1, gelatinous body 1
a: Renounce Religion


You were on level 8 of the Dungeon.
You worshipped Vehumet.
Vehumet was aware of your devotion.
You were hungry.

You visited 2 branches of the dungeon, and saw 9 of its levels.

You collected 501 gold pieces.

Inventory:

Hand Weapons
 j - a +2 mace of crushing (weapon)
 q - a +1 dagger of venom
Armour
 u - a +0 buckler (worn)
Jewellery
 l - an uncursed ring of ice
 o - an uncursed ring of fire
Wands
 p - a wand of random effects (10)
 w - a wand of paralysis (6)
 y - a wand of iceblast (3)
 C - a wand of disintegration (15)
Scrolls
 a - 2 scrolls of teleportation
 d - 3 scrolls of amnesia {unknown}
 e - 6 scrolls of identify
 f - a scroll of enchant weapon {unknown}
 g - 5 scrolls of remove curse
 k - a scroll of immolation {unknown}
 n - 2 scrolls of noise {unknown}
 r - 3 scrolls of fear {unknown}
 s - a scroll of enchant armour {unknown}
 t - 2 scrolls of magic mapping {unknown}
 z - 2 scrolls of blinking {unknown}
Potions
 c - 2 potions of flight {unknown}
 h - 4 potions of curing
 i - 2 potions of agility {unknown}
 m - 2 potions of magic {unknown}
 v - a potion of degeneration {unknown}
 x - 3 potions of mutation {unknown}
 A - 2 potions of heal wounds {unknown}
 B - a potion of haste {unknown}
Comestibles
 b - 12 rations


   Skills:
 - Level 2.0 Dodging
 - Level 2.6 Stealth
 * Level 3.6 Shields
 - Level 7.0 Spellcasting
 + Level 9.3 Conjurations
 - Level 0.4 Evocations


You had 9 spell levels left.
You knew the following spells:

 Your Spells              Type           Power        Failure   Level  Hunger
a - Magic Dart            Conj           ####         1%          1    None
b - Searing Ray           Conj           #####.       1%          2    None
c - Dazzling Spray        Conj/Hex       ####..       4%          3    #......
d - Regeneration          Chrm/Necr      #.........   28%         3    #......
e - Force Lance           Conj/Tloc      ####....     14%         4    ###....

Your spell library contained the following spells:

 Spells                   Type           Power        Failure   Level  Hunger
 Sting                    Conj/Pois      ####         1%          1    None
 Iskenderun's Mystic Bla  Conj           #####...     1%          4    ###....
 Infusion                 Chrm           #...         10%         1    None
 Summon Small Mammal      Summ           #...         10%         1    None
 Call Imp                 Summ           #.......     14%         2    None
 Shroud of Golubria       Chrm/Tloc      #.....       14%         2    None
 Song of Slaying          Chrm           #.......     14%         2    None
 Fulminant Prism          Conj/Hex       ####......   14%         4    ###....
 Call Canine Familiar     Summ           #.......     28%         3    #......
 Spectral Weapon          Hex/Chrm       #.......     28%         3    #......
 Summon Guardian Golem    Hex/Summ       #.......     28%         3    #......
 Summon Ice Beast         Ice/Summ       #.......     67%         4    ###....
 Summon Lightning Spire   Summ/Air       #.......     67%         4    ###....


Dungeon Overview and Level Annotations

Branches:
Dungeon (8/15)             Temple (1/1) D:7            Lair (0/6) D:8

Altars:
Cheibriados
Elyvilon
Gozag
Hepliaklqana
Nemelex Xobeh
Okawaru
Qazlal
Sif Muna
Trog
Uskayaw
Vehumet
Yredelemnul
Zin

Annotations:
D:8 Grum, Harold, Psyche


Innate Abilities, Weirdness & Mutations

You cannot wear most types of armour.
You are very stealthy in the water. (Stealth+)
You are amphibious.
You can wear up to eight rings at the same time.
You can use your tentacles to constrict eight enemies at once.
Your skin changes colour to match your surroundings (Stealth+).
Your rubbery body absorbs attacks. (AC +1, EV +1)


Message History

You feel strangely unstable.
Psyche gestures wildly while chanting.
Psyche seems to speed up.
Psyche hits you with a +4 dagger of chaos!
* * * LOW HITPOINT WARNING * * *
Psyche freezes you.
* * * LOW HITPOINT WARNING * * *
You have turned to stone.
Psyche hits you but does no damage.
Psyche hits you with a +4 dagger of chaos.
* * * LOW HITPOINT WARNING * * *
You fade into invisibility!
Psyche hits you with a +4 dagger of chaos.
* * * LOW HITPOINT WARNING * * *
Psyche freezes you.
* * * LOW HITPOINT WARNING * * *
Psyche hits you with a +4 dagger of chaos.
* * * LOW HITPOINT WARNING * * *
You are electrocuted!
You die...

h...... .......
....... .....
########..#
###.........#
#...####....# ###
#######.#####...###
#..
#........@@...#.#
#.#
#......########.#
#.# #......# #.#
#.# ######## ..#
#.. .## ##. #####.
...@.... #####.##
#.#.


You could see Psyche.

Vanquished Creatures
  An orc warrior (D:7)
  A sky beast (D:6)
  A phantom (D:4)
  An ogre (D:4)
  2 wolves (D:8)
  3 centaurs
  A big kobold (D:7)
  A bullfrog (D:6)
  A water moccasin zombie (D:6)
  6 killer bees (D:7)
  A crimson imp (D:7)
  A bullfrog zombie (D:5)
  A hound (D:6)
  A centaur skeleton (D:7)
  A jelly (D:6)
  A bullfrog skeleton (D:8)
  4 orc priests
  4 orc wizards
  An iguana (D:7)
  3 worker ants
  A worker ant zombie (D:6)
  14 adders
  6 gnolls (D:4)
  An ooze (D:4)
  An adder zombie (D:8)
  An adder skeleton (D:6)
  A dart slug (D:1)
  2 worms
  4 leopard geckos
  18 orcs
  12 giant cockroaches
  5 goblins
  6 hobgoblins
  7 jackals
  9 kobolds
  4 quokkas
  3 ball pythons
  8 bats
  4 frilled lizards
  A jackal skeleton (D:4)
  A leopard gecko skeleton (D:4)
  9 rats
154 creatures vanquished.

Notes
Turn   | Place    | Note
-------+----------+-------------------------------------------
     0 | D:1      | gruber the Octopode Conjurer began the quest for the Orb.
     0 | D:1      | Reached XP level 1. HP: 11/11 MP: 3/3
   290 | D:1      | Reached XP level 2. HP: 17/17 MP: 1/5
   952 | D:2      | Reached XP level 3. HP: 21/21 MP: 1/6
  1088 | D:2      | Reached skill level 5 in Conjurations
  1215 | D:2      | Reached XP level 4. HP: 27/27 MP: 5/7
  1396 | D:2      | Found a deep blue altar of Sif Muna.
  1423 | D:2      | Learned a level 2 spell: Searing Ray
  1427 | D:2      | Learned a level 3 spell: Dazzling Spray
  1760 | D:3      | Reached XP level 5. HP: 31/31 MP: 9/9
  2071 | D:3      | Reached skill level 6 in Conjurations
  2246 | D:3      | Found a deep blue altar of Sif Muna.
  2381 | D:4      | Reached XP level 6. HP: 27/36 MP: 1/11
  2935 | D:4      | Noticed a phantom
  3102 | D:4      | Killed a phantom
  3102 | D:4      | Reached XP level 7. HP: 24/41 MP: 2/13
  3249 | D:4      | Reached skill level 7 in Conjurations
  3853 | D:4      | Reached skill level 5 in Spellcasting
  4170 | D:5      | Entered Level 5 of the Dungeon
  4443 | D:5      | Found a hide-covered altar of Uskayaw.
  4529 | D:5      | Found a stormy altar of Qazlal.
  4627 | D:6      | Reached XP level 8. HP: 23/46 MP: 8/16
  4786 | D:6      | Reached skill level 1 in Shields
  4879 | D:6      | Found a basalt altar of Yredelemnul.
  4902 | D:6      | Learned a level 3 spell: Regeneration
  4907 | D:6      | Learned a level 4 spell: Force Lance
  4959 | D:6      | Reached skill level 8 in Conjurations
  5771 | D:7      | Found a staircase to the Ecumenical Temple.
  5786 | Temple   | Entered the Ecumenical Temple
  5799 | Temple   | Became a worshipper of Vehumet
  6526 | D:7      | Reached XP level 9. HP: 26/51 MP: 16/19
  6790 | D:7      | Reached skill level 9 in Conjurations
  6895 | D:8      | Noticed Psyche
  6895 | D:8      | Noticed Harold
  7132 | D:8      | Found an iron altar of Okawaru.
  7145 | D:8      | Reached * piety under Vehumet
  7145 | D:8      | Offered knowledge of Sting by Vehumet.
  7156 | D:8      | Found a staircase to the Lair.
  7348 | D:8      | Noticed Grum
  7417 | D:8      | Slain by Psyche

Levels and vault maps discovered:
D:1:      kilobyte_arrival_exit_the_forest, layout_basic
D:2:      layout_basic, lemuel_blue_sif_altar
D:3:      layout_rooms, lemuel_crystal_altar, first_ration,
          kennysheep_generic_room_4
D:4:      layout_basic, kennysheep_opposing_triangles
D:5:      layout_cave_pools, nicolae_qazlal_eye_of_the_storm, kennysheep_mini
D:6:      layout_loops_ring, basic_altar
D:7:      layout_basic, minmay_temple_entry_statues_pillars
D:8:      layout_rooms, okawaru_gym_becter, lemuel_coloured_pillars_altar,
          old_standard_altar, nicolae_ru_path_of_blood, lair_entry_dummy,
          supply_closet_lemuel, uniq_grum, uniq_pikel, uniq_psyche, uniq_harold
Temple:   eino_wide_crystal_templ

Skill      XL: |  1  2  3  4  5  6  7  8  9 |
---------------+----------------------------+-----
Conjurations   | 5 6 7 8 9 |  9.3
Spellcasting   | 3 4 5 6 7 |  7.0
Shields        | 2 3 |  3.6
Dodging        | |  2.0
Stealth        | |  2.6
Evocations     | |  0.4

Action                   |  1- 3 |  4- 6 |  7- 9 || total
-------------------------+-------+-------+-------++-------
Melee: Unarmed           |    10 |       |       ||    10
       Constrict         |     4 |    19 |     4 ||    27
       Tentacles         |     3 |     5 |     7 ||    15
       Mace              |       |    70 |    28 ||    98
 Cast: Magic Dart        |    48 |    60 |    26 ||   134
       Searing Ray       |       |    13 |    39 ||    52
       Dazzling Spray    |       |       |     5 ||     5
Evoke: Wand              |       |       |     6 ||     6
  Use: Scroll            |       |       |     3 ||     3
 Stab: Sleeping          |       |     8 |     2 ||    10
  Eat: Chunk             |     1 |     7 |     9 ||    17
       Ration            |       |       |     1 ||     1
Armor: Skin              |     3 |     8 |     3 ||    14
Dodge: Dodged            |    10 |    75 |    37 ||   122
Block: Buckler           |       |       |    14 ||    14

Table legend:
 A = Non-vault XP
 B = Vault XP
 C = Vault XP percentage of total XP
 D = Non-vault monster count
 E = Vault monster count
 F = Vault count percentage of total count
                 A         B        C        D         E       F
            +---------+---------+-------+---------+---------+-------
      Total |    2545 |     354 |  12.2 |     148 |       6 |   3.9
            +---------+---------+-------+---------+---------+-------
        D:1 |      28 |       0 |   0.0 |      17 |       0 |   0.0
        D:2 |     135 |       0 |   0.0 |      27 |       0 |   0.0
        D:3 |     125 |       1 |   0.8 |      28 |       1 |   3.4
        D:4 |     595 |     122 |  17.0 |      28 |       3 |   9.7
        D:5 |      84 |       0 |   0.0 |       3 |       0 |   0.0
        D:6 |     525 |       0 |   0.0 |      12 |       0 |   0.0
        D:7 |    1002 |       0 |   0.0 |      30 |       0 |   0.0
        D:8 |      51 |     231 |  81.9 |       3 |       2 |  40.0
            +---------+---------+-------+---------+---------+-------
